AoeStats
← Paco Jidonez

Arabia

509823829Analyzed
1v1 RM · 4d ago on Sep 28, 2026· 53m 29s· 2 players
Game mode
Random Map
Map size
Tiny (2 player)
Population
200
Speed
Normal
Resources
Standard
Victory
Conquest
Starting age
Dark Age
Ending age
Imperial Age
RankedLock teamsTeams togetherTeam positionsShared explorationLock speedFull tech treeHidden civsTurbo modeCheats
Victory
Defeat
🇲🇽 Bulgarians · Mexico
701
+19
🇺🇸 Celts · United States
757
-19
Paco Jidonez
10:28 Feudal Age
15:44 Forging
17:04 Scale Mail Armor
22:09 Castle Age
20:59 Horse Collar
21:08 Double-Bit Axe
22:56 Bloodlines
22:41 Light Cavalry
25:24 Scale Barding Armor
27:49 Loom
27:50 Town Watch
30:56 Bow Saw
36:22 Herbal Medicine
36:34 Husbandry
36:48 Devotion
37:50 Stirrups
38:22 Gambesons
38:38 Squires
38:24 Arson
39:00 Town Patrol
52:18 Imperial Age
50:28 Wheelbarrow
53:37 Hand Cart
sakshamkumar.1997
5:28 Loom
8:26 Loom
10:38 Feudal Age
11:47 Man-at-Arms
19:03 Wheelbarrow
22:11 Gold Mining
23:25 Horse Collar
24:35 Town Watch
29:42 Castle Age
28:29 Double-Bit Axe
33:35 Crossbowman
36:00 Bow Saw
36:53 Fletching
38:15 Padded Archer Armor
39:14 Bodkin Arrow
39:35 Leather Archer Armor
41:27 Forging
45:01 Hand Cart
45:23 Gold Shaft Mining
44:37 Pikeman
Connection lost

Rejoining the realm…

Still unreachable

The connection could not be restored.

Session expired

The server has moved on; the page needs a fresh start.